 Dungeon Crawl Stone Soup version 0.17-a0-848-g7e5c6af (webtiles) character file.

219 xeno23 the Ogre Mage (level 5, 0/45 HPs)
             Began as an Ogre Wizard on Apr 28, 2015.
             Slain by a river rat (10 damage)
             ... in a sewer.
             The game lasted 00:18:44 (2319 turns).

xeno23 the Ogre Mage (Ogre Wizard)                  Turns: 2319, Time: 00:18:44

Health: 0/45       AC:  4    Str: 13    XL:     5   Next: 96%
Magic:  2/12       EV:  9    Int: 20    God:
Gold:   120        SH:  0    Dex:  8    Spells: 5 memorised, 4 levels left

rFire  . . .     SeeInvis .     t - +2 spear (pierce)
rCold  . . .     Clarity  +     a - +0 robe
rNeg   . . .     SustAb   .     (no shield)
rPois  .         Gourm    .     b - +0 hat
rElec  .         Spirit   .     o - +0 cloak
rCorr  .         Warding  .     (gloves unavailable)
rMut   .         Stasis   .     (boots unavailable)
MR     .....                    m - amulet of clarity
Stlth  +.........               (no ring)
                                p - +3 ring of intelligence

@: very slightly contaminated, repel missiles, not resistant to hostile
enchantments, very unstealthy
A: unfitting armour, tough skin 1
a: no special abilities


You were in a sewer.
You were not hungry.

You visited 1 branch of the dungeon, and saw 3 of its levels.
You also visited: Sewer.

You collected 120 gold pieces.

Inventory:

Hand weapons
 e - a +0 dagger
 f - a +0 battleaxe
 i - a +0 spear
 l - a +0 blowgun
 t - a +2 spear of piercing (weapon)
Missiles
 j - 18 poisoned needles
Armour
 a - a +0 robe (worn)
 b - a +0 hat (worn)
 k - a +0 shield
 o - a +0 cloak (worn)
Jewellery
 m - an amulet of clarity (around neck)
 p - a +3 ring of intelligence (left hand)
Potions
 g - a potion of invisibility {unknown}
 q - a potion of beneficial mutation {unknown}
Books
 c - a book of Minor Magic

   Spells                             Type                      Level
   a - Magic Dart                     Conjuration                  1
   b - Blink                          Translocation                2
   c - Call Imp                       Summoning                    2
   d - Repel Missiles                 Charms/Air                   2
   e - Slow                           Hexes                        2
   f - Conjure Flame                  Conjuration/Fire             3
   g - Mephitic Cloud                 Conjuration/Poison/Air       3
Comestibles
 d - 4 bread rations
 h - 6 meat rations
 r - 4 fruits


   Skills:
 - Level 1.7 Dodging
 - Level 1.5 Stealth
 + Level 5.1 Spellcasting
 * Level 2.3 Conjurations
 * Level 2.5 Summonings
 - Level 0.6 Translocations


You had 4 spell levels left.
You knew the following spells:

 Your Spells              Type           Power        Failure   Level  Hunger
a - Magic Dart            Conj           ##..         4%          1    None
b - Blink                 Tloc           N/A          17%         2    None
c - Call Imp              Summ           ###.....     10%         2    None
d - Conjure Flame         Conj/Fire      #.......     24%         3    ##.....
r - Repel Missiles        Chrm/Air       #.....       21%         2    None


Dungeon Overview and Level Annotations

Branches:
Dungeon (3/15)

Altars:

Annotations:
D:2 Sigmund


Innate Abilities, Weirdness & Mutations

You are too large for most types of armour.
You have tough skin (AC +1).


Message History

You hit the river rat but do no damage.
The river rat is heavily wounded.
Your crimson imp hits the rat.
The rat dies!
The river rat closely misses you.
You closely miss the river rat.
The river rat is heavily wounded.
The river rat closely misses you.
You hit the river rat but do no damage.
The river rat is heavily wounded.
Your crimson imp hits the rat.
The rat dies!
The river rat bites you.
* * * LOW HITPOINT WARNING * * *
You take 3 damage.
You closely miss the river rat.
The river rat is heavily wounded.
Your crimson imp hits the river rat but does no damage.
The river rat bites your crimson imp! The river rat bites you!
You die...

###
#@#
#r#
#.#
#.#
#∩#
#.#
#r#
#5#
#.#


You could see 2 river rats and a friendly crimson imp.

Vanquished Creatures
  A hound zombie (D:3)
  An adder (D:3)
  2 worms
  2 adder skeletons (D:3)
  A ball python (D:1)
  7 bats
  A bat zombie (D:3)
  4 giant cockroaches
  5 goblins
  4 hobgoblins
  3 jackals (D:1)
  5 kobolds (D:1)
  2 giant newts (D:1)
  A quokka skeleton (D:3)
  8 rats
47 creatures vanquished.

Vanquished Creatures (collateral kills)
  The ghost of namelastname112 the Twirler, an average DrGl (D:3)
  A hound zombie (D:3)
  A worker ant zombie (D:3)
  A goblin (D:3)
  A kobold (D:3)
  4 rats
9 creatures vanquished.

Vanquished Creatures (others)
  2 crimson imps (Sewer)
  2 white imps
  A hobgoblin (D:1)
5 creatures vanquished.

Grand Total: 61 creatures vanquished

Notes
Turn   | Place    | Note
--------------------------------------------------------------
     0 | D:1      | xeno23, the Ogre Wizard, began the quest for the Orb.
     0 | D:1      | Reached XP level 1. HP: 16/16 MP: 5/5
    90 | D:1      | Reached skill level 4 in Spellcasting
   242 | D:1      | Reached XP level 2. HP: 19/24 MP: 5/7
   260 | D:1      | Learned a level 2 spell: Blink
   263 | D:1      | Learned a level 2 spell: Call Imp
   266 | D:1      | Learned a level 2 spell: Repel Missiles
   595 | D:1      | Reached skill level 1 in Summonings
   704 | D:1      | Reached skill level 1 in Conjurations
   732 | D:1      | Reached XP level 3. HP: 20/31 MP: 8/8
  1693 | D:2      | Noticed Sigmund
  1768 | D:3      | Noticed namelastname112's ghost (average DrGl)
  1784 | D:3      | Learned a level 3 spell: Conjure Flame
  1930 | D:3      | Reached XP level 4. HP: 21/39 MP: 7/10
  2035 | D:3      | Killed namelastname112's ghost
  2035 | D:3      | Reached skill level 5 in Spellcasting
  2035 | D:3      | Reached XP level 5. HP: 3/45 MP: 4/12
  2271 | D:3      | Found a glowing drain.
  2285 | Sewer    | Entered a sewer
  2319 | Sewer    | Slain by a river rat

Action                   |  1- 3 |  4- 6 || total
-------------------------+-------+-------++-------
Melee: Dagger            |   123 |       ||   123
       Unarmed           |     1 |       ||     1
       Battleaxe         |    29 |    35 ||    64
       Spear             |     1 |     7 ||     8
 Cast: Magic Dart        |    30 |    15 ||    45
       Repel Missiles    |     1 |       ||     1
       Call Imp          |     3 |     9 ||    12
       Conjure Flame     |       |     2 ||     2
       Blink             |       |     2 ||     2
  Use: Scroll            |     3 |     2 ||     5
       Potion            |     1 |     1 ||     2
  Eat: Chunk             |     3 |     2 ||     5
